Map: [ESL] Data-C

Players

GunGFuBanDa - Winner!

  • Race: Protoss Protoss
  • Spawn Location: 9:00

Harstem

  • Race: Protoss Protoss
  • Spawn Location: 3:00

Event: DreamHack SC2 Masters 2022 Atlanta (Online)

VOD

Have the link to the VOD?

Description

Time

  • Played on: Sept. 29, 2022, 12:31 p.m.
  • Length: 10:41

All games in this series

Show
View Real Time Build Order
Export as new Build Order

GunGFuBanDa Protoss - Winner!

Build Orders: Oracle Opening 

Get SALT Encoding   

  12  0:00  Probe  
  13  0:12  Probe  
  14  0:17  Pylon  
  14  0:24  Probe (Chrono Boost)  
  15  0:36  Probe (Chrono Boost)  
  15  0:38  Gateway  
  16  0:45  Probe (Chrono Boost)  
  16  0:47  Assimilator  
  17  0:51  Probe  
  18  1:00  Assimilator  
  18  1:03  Probe (Chrono Boost)  
  19  1:08  Pylon  
  19  1:14  Probe (Chrono Boost)  
  20  1:18  Probe (Chrono Boost)  
  21  1:26  Cybernetics Core  
  21  1:29  Probe  
  22  1:33  Zealot  
  24  1:41  Probe  
  25  1:53  Probe  
  26  2:05  Stargate  
  26  2:07  Adept  
  28  2:09  Probe  
  29  2:15  Pylon  
  29  2:33  Nexus  
  29  2:37  Warp Gate (Chrono Boost)  
  29  2:41  Probe  
  30  2:47  Oracle (Chrono Boost)  
  33  2:53  Probe  
  34  3:04  Twilight Council  
  34  3:09  Probe  
  35  3:20  Gateway  
  35  3:21  Probe  
  34  3:30  Shield Battery  
  34  3:32  Stalker  
  34  3:33  Probe  
  37  3:44  Pylon  
  37  3:46  Probe  
  38  3:51  Probe  
  39  3:58  Probe  
  39  4:01  Dark Shrine  
  40  4:03  Probe  
  40  4:04  Shield Battery  
  41  4:12  Shield Battery  
  41  4:18  Stalker  
  41  4:20  Stalker  
  45  4:27  Pylon  
  39  4:45  Stalker  
  39  4:47  Probe  
  39  4:55  Probe  
  39  4:59  Probe  
  40  5:05  Pylon  
  40  5:07  Probe  
  40  5:10  Pylon  
  40  5:11  Pylon  
  40  5:13  Dark Templar  
  43  5:15  Probe  
  44  5:22  Robotics Facility  
  44  5:24  Probe  
  44  5:27  Probe  
  46  5:28  Gateway  
  46  5:37  Probe (Chrono Boost)  
  46  5:39  Probe (Chrono Boost)  
  48  5:46  Sentry  
  48  5:49  Probe (Chrono Boost)  
  52  5:50  Pylon  
  52  5:51  Probe (Chrono Boost)  
  52  5:55  Probe (Chrono Boost)  
  52  5:56  Probe (Chrono Boost)  
  53  5:58  Gateway  
  53  6:03  Probe  
  55  6:06  Probe  
  55  6:07  Immortal (Chrono Boost)  
  60  6:15  Sentry, Blink (Chrono Boost)  
  60  6:18  Probe  
  60  6:20  Assimilator  
  60  6:22  Probe  
  60  6:25  Assimilator  
  61  6:30  Probe  
  62  6:36  Pylon  
  62  6:37  Probe, Forge  
  64  6:40  Observer  
  65  6:47  Probe  
  65  6:55  Pylon  
  65  7:07  Protoss Ground Weapons Level 1 (Chrono Boost), Immortal  
  69  7:09  Stalker x3  
  69  7:15  Shield Battery  
  75  7:22  Nexus  
  75  7:29  Probe x2  
  77  7:35  Pylon  
  77  7:37  Stalker  
  77  7:38  Stalker  
  77  7:41  Stalker  
  77  7:42  Probe  
  84  7:46  Probe  
  85  7:55  Probe  
  85  7:58  Probe  
  87  8:03  Gateway  
  87  8:04  Gateway  
  85  8:14  Stalker x3  
  85  8:19  Probe  
  92  8:22  Probe  
  92  8:26  Warp Prism (Chrono Boost)  
  91  8:32  Probe  
  94  8:34  Probe  
  94  8:37  Sentry x3  
  94  8:40  Pylon  
  101  8:45  Gateway  
  101  8:57  Pylon  
  101  8:58  Stalker  
  101  8:59  Stalker  
  101  9:01  Stalker x2  
  109  9:05  Stalker  
  111  9:12  Pylon  
  111  9:17  Dark Templar  
  111  9:26  Stalker x3  
  111  9:28  Stalker  
  111  9:29  Probe x2  
  119  9:32  Robotics Bay  
  119  9:46  Stalker x2  
  119  9:49  Assimilator x2, Pylon  
  123  9:58  Probe  
  122  10:00  Stalker  
  122  10:01  Stalker x2  
  122  10:02  Stalker  
  130  10:11  Probe  
  131  10:21  Probe  
  120  10:23  Probe  
  120  10:25  Stalker x4  
  120  10:26  Stalker x2  
Show
View Real Time Build Order
Export as new Build Order

Harstem Protoss 

Build Orders:  

Get SALT Encoding   

  12  0:00  Probe  
  13  0:12  Probe  
  14  0:17  Pylon  
  14  0:24  Probe (Chrono Boost)  
  15  0:36  Probe (Chrono Boost)  
  15  0:37  Gateway  
  16  0:45  Probe (Chrono Boost)  
  16  0:47  Assimilator  
  17  0:51  Probe  
  17  0:56  Assimilator  
  18  1:03  Probe (Chrono Boost)  
  19  1:09  Gateway  
  19  1:13  Probe (Chrono Boost)  
  19  1:18  Probe (Chrono Boost)  
  21  1:26  Cybernetics Core  
  21  1:30  Probe  
  22  1:38  Pylon  
  22  1:42  Probe  
  23  1:56  Probe  
  24  2:02  Warp Gate (Chrono Boost)  
  24  2:03  Stalker  
  26  2:22  Nexus  
  26  2:30  Stalker  
  28  2:38  Stalker  
  30  2:45  Pylon  
  30  2:55  Probe  
  31  3:03  Stalker  
  33  3:06  Shield Battery  
  33  3:11  Stalker  
  35  3:18  Shield Battery  
  35  3:23  Probe  
  36  3:35  Probe x2  
  38  3:45  Stalker  
  38  3:47  Probe x2  
  39  3:50  Stalker  
  41  3:59  Probe x2  
  43  4:05  Stalker  
  45  4:11  Probe  
  45  4:12  Stalker  
  48  4:26  Stalker  
  48  4:27  Probe  
  51  4:43  Stalker  
  53  4:47  Probe  
  54  4:59  Stalker  
  54  5:04  Robotics Facility  
  54  5:05  Probe  
  53  5:15  Probe  
  53  5:17  Pylon  
  54  5:23  Gateway  
  54  5:25  Gateway  
  54  5:35  Probe x2  
  56  5:38  Stalker  
  56  5:41  Sentry  
  60  5:47  Twilight Council  
  62  5:52  Observer (Chrono Boost)  
  62  5:53  Pylon  
  61  6:06  Pylon  
  61  6:11  Probe  
  61  6:12  Phoenix, Pylon  
  62  6:19  Blink (Chrono Boost)  
  62  6:22  Gateway  
  62  6:24  Probe  
  62  6:25  Observer  
  64  6:27  Stalker x2  
  64  6:28  Probe  
  69  6:33  Pylon  
  69  6:36  Probe  
  70  6:40  Probe  
  71  6:48  Probe  
  71  6:52  Nexus  
  72  6:55  Probe  
  72  6:59  Assimilator  
  73  7:04  Probe  
  73  7:06  Stalker  
  73  7:08  Stalker  
  78  7:09  Probe  
  79  7:17  Probe  
  80  7:23  Pylon  
  80  7:24  Stalker  
  80  7:25  Probe  
  83  7:31  Pylon  
  83  7:33  Stalker  
  85  7:39  Probe  
  85  7:41  Stalker  
  85  7:43  Probe  
  89  7:49  Forge, Stalker  
  92  7:51  Probe  
  92  7:55  Charge, Probe  
  93  7:58  Stalker  
  93  7:59  Gateway  
  95  8:11  Stalker  
  94  8:14  Probe x3 (Chrono Boost)  
  97  8:24  Probe x3 (Chrono Boost)  
  98  8:27  Observer  
  98  8:28  Robotics Bay  
  98  8:30  Assimilator  
  98  8:31  Shield Battery, Protoss Ground Weapons Level 1 (Chrono Boost)  
  98  8:32  Zealot x2, Sentry  
  108  8:40  Nexus  
  105  8:43  Pylon  
  105  8:48  Pylon  
  105  8:57  Stalker  
  105  8:58  Stalker  
  105  9:02  Pylon  
  109  9:03  Shield Battery  
  109  9:05  Photon Cannon  
  109  9:08  Observer (Chrono Boost)  
  109  9:09  Stalker x2  
  114  9:11  Gateway  
  110  9:25  Sentry  
  110  9:26  Disruptor (Chrono Boost), Sentry  
  117  9:34  Gateway  
  117  9:35  Shield Battery, Gateway  
  117  9:36  Photon Cannon  
  115  9:45  Zealot x2  
  117  9:46  Pylon  
  117  9:47  Shield Battery  
  117  9:50  Observer  
  116  9:53  Probe  
  116  9:57  Disruptor  
  107  10:00  Stalker x2  
  107  10:01  Probe  
  107  10:02  Probe  
  112  10:07  Stalker  
  112  10:08  Stalker x2  
  112  10:09  Probe  
  109  10:17  Zealot x2  
  102  10:23  Probe  
  102  10:26  Zealot x2  
  95  10:32  Zealot x2  
Tags
 
Add a new tag
Caveats
  • Supply blocks, unpowered buildings, or Contaminate may cause inaccurate times.
  • Supply counts are checked every 10 seconds.